 Dungeon Crawl Stone Soup version 0.31-a0-358-gac0dbeb3ab (webtiles) character file.

Game seed: 11011732014697517561

984 AIAndy the Ruffian (level 8, -7/72 HPs)
             Began as an Octopode Shapeshifter on July 25, 2023.
             Was a Believer of Wu Jian.
             Mangled by a gnoll
             ... wielding a +1 flail of protection
              (9 damage)
             ... on level 5 of the Dungeon.
             The game lasted 00:15:28 (4037 turns).

AIAndy the Ruffian (Octopode Shapeshifter)          Turns: 4037, Time: 00:15:29

Health: -7/72      AC: 24    Str: 17    XL:     8   Next: 18%
Magic:  14/14      EV:  2    Int: 10    God:    Wu Jian [**....]
Gold:   146        SH:  0    Dex: 12    Spells: 13/15 levels left

rFire   + . .        u - +4 scythe (venom)
rCold   x . .        (shield currently unavailable)
rNeg    + . .        (helmet currently unavailable)
rPois   +            t - amulet of magic regeneration
rElec   .            F - ring of fire
rCorr   .            N - ring of positive energy
SInv    .            (no ring)
Will    .....        (no ring)
Stlth   +            (no ring)
HPRegen 0.32/turn    (no ring)
MPRegen 0.54/turn    (no ring)
                     (no ring)

%: no passive effects
@: tree-form (expiring)
A: stationary, stasis, torment immunity, boosted hp, almost no armour,
(amphibious), 8 rings, (camouflage 1), (gelatinous body 1), (nimble swimmer 1),
(tentacles)
a: Renounce Religion, Wall Jump


You were on level 5 of the Dungeon.
You worshipped Wu Jian.
Wu Jian was pleased with you.
You were a tree.
You visited 1 branch of the dungeon, and saw 5 of its levels.
You also visited: Sewer.

You collected 146 gold pieces.


Innate Abilities, Weirdness & Mutations

You are a tree.
Your roots penetrate the ground, keeping you stationary.
You cannot be teleported.
You are immune to unholy pain and torment.
Your maximum health is greatly increased.
You cannot wear most types of armour.
((You are amphibious.))
You can wear up to eight rings at the same time.
((Your skin changes colour to match your surroundings (Stealth+).))
((Your rubbery body absorbs attacks. (AC +1, EV +1)))
((You are camouflaged when in or above water. (Stealth+)))
((You have tentacles for arms and can constrict up to eight enemies at once.))


   Skills:
 - Level 1.0 Fighting
 - Level 2.0 Dodging
 + Level 7.3 Unarmed Combat
 - Level 4.0 Spellcasting
 - Level 4.0 Transmutations
 - Level 3.0 Shapeshifting


You had 13 spell levels left.
You knew the following spells:

 Your Spells              Type           Power      Damage    Failure   Level
X - Wereblood             Tmut           10%        N/A       8%          2

Your spell library contained the following spells:

 Spells                   Type           Power      Damage    Failure   Level
 Sublimation of Blood     Necr           2%         N/A       36%         2
 Dazzling Flash           Conj/Hex       4%         N/A       58%         3
 Volatile Blastmotes      Fire/Tloc      6%         2d10      58%         3
 Starburst                Conj/Fire      1%         6d3       100%        6
 Summon Hydra             Summ           1%         N/A       100%        7
 Maxwell's Capacitive Co  Air            1%         ∞         100%        8

Inventory:

Hand Weapons
 c - a +2 morningstar of protection
 u - a +4 scythe of venom (weapon)
Magical Staves
 f - a staff of poison
Jewellery
 t - an amulet of magic regeneration (around neck)
 F - a ring of fire (left branch)
 N - a ring of positive energy (right branch)
Talismans
 b - a beast talisman
Scrolls
 e - 6 scrolls of identify {unknown}
 g - 3 scrolls of teleportation {@r4}
 j - 2 scrolls of fog {unknown}
 k - 2 scrolls of enchant weapon {unknown}
 m - a scroll of amnesia {unknown}
 n - 2 scrolls of noise {unknown}
 o - a scroll of silence {unknown}
 q - a scroll of fear {unknown}
 v - a scroll of acquirement {unknown}
 w - a scroll of brand weapon {unknown}
Potions
 a - a potion of lignification {!q}
 d - a potion of curing {unknown}
 h - a potion of ambrosia {unknown}
 i - 3 potions of invisibility {unknown}
 l - 2 potions of haste {unknown}
 p - a potion of might {unknown}
 r - 2 potions of berserk rage {unknown}
 x - a potion of enlightenment {unknown}

Dungeon Overview and Level Annotations

Branches:
Dungeon (5/15)              Sewer (visited)
 Temple: D:4-7

Altars:
Cheibriados
Wu Jian
Xom

Annotations:
D:4 3 runed translucent doors, Locuples's ghost, amateur MiMo

....#......#....#
# ##
#.......#.#### #
#...###.##.# (.
..... #)##.# ##
#.#..# #.#..#
..... #...## ....
##...# #.#.#
#.#♣# #.#g#
..#g)...#
.........#
......(....#
..........#
........(...
.....().(((..
..............


You could see 2 gnolls.


Message History

The gnoll hits you but does no damage.
Your +4 scythe of venom begins to drip with poison!
u - a +4 scythe of venom (weapon)
You kill the gnoll!
The Council accepts your kill. The gnoll hits you but does no damage.
You are too injured to fight recklessly!
Reach: u) +4 scythe (venom)
Press: ? - help, Dir - move target, f - gnoll
Aim: a gnoll, wielding a +0 spear (heavily wounded, about 42% to evade your +4 scythe of venom)
You reach to attack!
You puncture the gnoll!
You kill the gnoll!
The Council accepts your kill.
Reach: u) +4 scythe (venom)
Press: ? - help, Dir - move target, f - gnoll
Aim: a gnoll, wielding a +1 flail of protection (about 42% to evade your +4 scythe of venom)
You reach to attack!
You closely miss the gnoll.
Your transformation is almost over.
The gnoll hits you with a +1 flail of protection.
* * * LOW HITPOINT WARNING * * *
Reach: u) +4 scythe (venom)
Press: ? - help, Dir - move target, f/p - gnoll
Aim: a gnoll, wielding a +1 flail of protection (about 42% to evade your +4 scythe of venom)
Okay, then.
You hit the gnoll.
The gnoll is poisoned.
The gnoll is lightly wounded.
The gnoll hits you from afar with a +0 spear.
* * * LOW HITPOINT WARNING * * *
The gnoll hits you with a +1 flail of protection!
You die...

Skill      XL: |  1  2  3  4  5  6  7  8 |
---------------+-------------------------+-----
Unarmed Combat | 4 5 6 7 |  7.3
Transmutations | 1 2 3 4 |  4.0
Spellcasting   | 2 3 4 |  4.0
Fighting       | |  1.0
Dodging        | |  2.0
Shapeshifting  | |  3.0

Action                     |  1- 3 |  4- 6 |  7- 9 || total
---------------------------+-------+-------+-------++-------
  Melee: Unarmed           |    59 |   109 |    67 ||   235
         Constrict         |    16 |    18 |    16 ||    50
         Tentacles         |    12 |    12 |    12 ||    36
         Punch             |     2 |     1 |     4 ||     7
         Halberd           |       |       |     3 ||     3
  Throw: Dart              |       |    17 |    21 ||    38
   Cast: Wereblood         |       |     1 |       ||     1
Ability: Lunge             |     4 |    15 |     8 ||    27
    Use: Scroll            |       |       |     1 ||     1
         Potion            |       |       |     1 ||     1
   Stab: Sleeping          |     9 |     6 |    10 ||    25
         Distracted        |       |     1 |       ||     1
 Armour: Skin              |     4 |     5 |    10 ||    19
  Dodge: Dodged            |    20 |    54 |    25 ||    99

Levels and vault maps discovered:
D:1:      scummos_arrival_gate, layout_basic
D:2:      layout_rooms, basic_altar
D:3:      layout_basic, gammafunk_temple_overflow_statue,
          nicolae_ecumenical_lake_church
D:4:      layout_basic, gammafunk_ghost_icy
D:5:      layout_rooms, xom_redecorated, gup_sewer_entry_spiral, st_stairs_2,
          uniq_sigmund

Notes
Turn   | Place    | Note
-------+----------+-------------------------------------------
     0 | D:1      | AIAndy the Octopode Shapeshifter began the quest for the
                  | Orb.
     0 | D:1      | Reached XP level 1. HP: 13/13 MP: 1/1
   153 | D:1      | Reached XP level 2. HP: 18/18 MP: 2/2
   692 | D:1      | Reached skill level 4 in Unarmed Combat
   798 | D:1      | Reached XP level 3. HP: 19/23 MP: 3/3
  1008 | D:1      | Learned a level 2 spell: Wereblood
  1182 | D:2      | Found an ornate altar of the Wu Jian Council.
  1236 | D:2      | Became a worshipper of the Wu Jian Council
  1423 | D:2      | Reached skill level 1 in Transmutations
  1483 | D:2      | Reached XP level 4. HP: 28/28 MP: 5/5
  1691 | D:3      | Reached skill level 1 in Spellcasting
  2117 | D:3      | Found a faded altar of an unknown god.
  2382 | D:3      | Found a snail-covered altar of Cheibriados.
  2383 | D:3      | Found an ornate altar of the Wu Jian Council.
  2430 | D:4      | Noticed a phantom
  2437 | D:4      | Killed a phantom
  2438 | D:4      | Reached skill level 2 in Spellcasting
  2438 | D:4      | Reached skill level 2 in Transmutations
  2438 | D:4      | Reached XP level 5. HP: 22/33 MP: 6/8
  2565 | D:4      | Found a runed translucent gate.
  2565 | D:4      | Found a runed translucent gate.
  2565 | D:4      | Found a runed translucent gate.
  2573 | D:4      | Reached * piety under Wu Jian
  2639 | D:4      | Noticed a phantom
  2650 | D:4      | Killed a phantom
  2651 | D:4      | Reached skill level 5 in Unarmed Combat
  2651 | D:4      | Reached XP level 6. HP: 26/38 MP: 9/9
  2749 | D:4      | Noticed Locuples's ghost (amateur MiMo)
  3148 | D:4      | Reached skill level 3 in Transmutations
  3380 | D:5      | Entered Level 5 of the Dungeon
  3380 | D:5      | Found a shimmering altar of Xom.
  3388 | D:5      | Noticed Sigmund
  3395 | D:5      | Killed Sigmund
  3396 | D:5      | Reached skill level 3 in Spellcasting
  3396 | D:5      | Reached XP level 7. HP: 41/43 MP: 9/11
  3569 | D:5      | Found a glowing drain.
  3573 | Sewer    | Entered a sewer
  3581 | Sewer    | Reached ** piety under Wu Jian
  3582 | Sewer    | Reached skill level 6 in Unarmed Combat
  3620 | Sewer    | Reached skill level 4 in Transmutations
  3997 | D:5      | Reached skill level 4 in Spellcasting
  4004 | D:5      | Reached XP level 8. HP: 29/48 MP: 14/14
  4009 | D:5      | Reached skill level 7 in Unarmed Combat
  4033 | D:5      | HP: 5/72 [gnoll/+0 halberd (4)]
  4037 | D:5      | HP: 2/72 [gnoll/+0 spear (2)]
  4037 | D:5      | Mangled by a gnoll

Vanquished Creatures
  Sigmund (D:5)
  An ice beast (D:5)
  A black bear (D:5)
  2 phantoms (D:4)
  2 scorpions (D:5)
  An iguana (D:5)
  12 adders
  5 gnolls
  5 river rats
  2 shadow imps (D:5)
  A white imp (D:5)
  2 ufetubi (D:5)
  4 worms
  2 dart slugs
  An orc (D:5)
  6 endoplasms
  4 giant cockroaches
  9 goblins
  6 hobgoblins
  5 jackals
  10 quokkas
  8 ball pythons
  8 bats
  7 frilled lizards
  5 kobolds (D:4)
  13 rats
123 creatures vanquished.

Table legend: (Time is in decaauts)
 A = Elapsed time spent in this place.
 B = Non-inter-level travel time spent in this place.
 C = Inter-level travel time spent in this place.
 D = Time resting spent in this place.
 E = Time spent auto-exploring this place.
 F = Levels seen in this place.
 G = Mean time per level.
                   A        B        C        D        E       F      G
               +--------+--------+--------+--------+--------+-----+--------+
         Total |   4016 |   3951 |     65 |     54 |   3081 |   6 |  669.3 |
       Dungeon |   3673 |   3608 |     65 |     54 |   2812 |   5 |  734.6 |
         Sewer |    342 |    342 |      0 |      0 |    269 |   1 |  342.0 |
               +--------+--------+--------+--------+--------+-----+--------+

Top non-repeatable levels by time:
     D:1: 1022 daAuts
     D:4: 953 daAuts
     D:3: 810 daAuts
     D:2: 580 daAuts
   Sewer: 342 daAuts
     D:5: 307 daAuts

Table legend:
 A = Non-vault XP
 B = Vault XP
 C = Vault XP percentage of total XP
 D = Non-vault monster count
 E = Vault monster count
 F = Vault count percentage of total count
                 A         B        C        D         E       F
            +---------+---------+-------+---------+---------+-------
      Total |    1009 |     398 |  28.3 |      92 |      31 |  25.2
            +---------+---------+-------+---------+---------+-------
        D:1 |      35 |       0 |   0.0 |      20 |       0 |   0.0
        D:2 |      50 |       0 |   0.0 |      18 |       0 |   0.0
        D:3 |      77 |       0 |   0.0 |      16 |       0 |   0.0
        D:4 |     306 |       0 |   0.0 |      26 |       0 |   0.0
        D:5 |     541 |     299 |  35.6 |      12 |      10 |  45.5
      Sewer |       0 |      99 | 100.0 |       0 |      21 | 100.0
            +---------+---------+-------+---------+---------+-------
